Capitals vs Rangers
Created - April 11, 2022 at 19:04
Goals
|
Capitals |
0 |
4 |
0 |
0 |
1 |
5 |
Rangers |
0 |
2 |
2 |
0 |
0 |
4 |
|
Shots
|
Capitals |
5 |
12 |
7 |
1 |
3 |
25 |
Rangers |
10 |
9 |
10 |
0 |
3 |
29 |
|
1st period
No Goal
Penalties :
Jason Spezza (Was) for Holding (Minor) at 10:56, Magnus Paajarvi (NyR) for Interference (Minor) at 13:14, Matt Delahey (NyR) for Roughing (Minor) at 15:57, Chris Bourque (NyR) for Holding (Minor) at 19:32
2nd period
1. Capitals , Alexander Radulov 13 (Jason Spezza 32) at 0:20 (PP)
2. Capitals , Brian Ferlin 7 (Jujhar Khaira 12, Cameron Gaunce 14) at 4:30
3. Capitals , Jason Spezza 26 (Blake Pietila 14) at 5:07
4. Rangers , Morgan Ellis 2 (Sean Couturier 52, Milan Lucic 37) at 9:35
5. Rangers , Devante Smith-Pelly 7 (Tomas Hertl 10, Morgan Ellis 3) at 13:55
6. Capitals , Sean Monahan 20 (Trevor Daley 11, Mark Stone 14) at 19:58
Penalties :
Dmitry Kulikov (NyR) for Slashing (Minor) at 10:33
3rd period
7. Rangers , Artem Anisimov 9 (Magnus Paajarvi 12, Matt Delahey 10) at 1:48
8. Rangers , T.J Galiardi 4 (Patrik Nemeth 11) at 4:38
Penalties :
Chris Bourque (NyR) for Holding (Minor) at 14:08
Overtime #1
No Goal
Penalties :
No Penalty
Shootout
Capitals, Jason Spezza - Goal!
Rangers, Sean Couturier - Shot Misses the Net
Capitals, Cody Hodgson - Stopped by Frederik Andersen
Rangers, Patrice Bergeron - Stopped by Cory Schneider
Capitals, Alexander Radulov - Stopped by Frederik Andersen
Rangers, Tomas Hertl - Shot Misses the Net
Penalties :
No Penalty
Goalie Stats
Cory Schneider (Was), 25 saves from 29 shots - (0.862), W, 14-18-7, 65:00 minutes
Frederik Andersen (NyR), 8 saves from 8 shots - (1.000), OTL, 19-17-2, 25:02 minutes
Samuel Montembeault (NyR), 13 saves from 17 shots - (0.765), 39:58 minutes
Players Stats for Capitals
Player Name G A P +/- PIM S H SB GA TA FO MP PP MP PK MP
------------------------------------------------------------------------------------
Alexander Radulov 1 0 1 0 0 3 0 0 2 0 2/2 22:20 4:53 0:00
Alexei Marchenko 0 0 0 -2 0 0 1 0 0 0 0/0 20:48 0:00 1:11
Antoine Vermette 0 0 0 0 0 1 0 1 1 0 4/5 13:48 0:55 0:39
Blake Pietila 0 1 1 0 0 2 5 1 0 0 1/1 22:25 3:36 0:46
Brad Richardson 0 0 0 0 0 0 1 0 0 0 0/0 12:57 1:11 0:10
Brian Ferlin 1 0 1 0 0 3 0 0 0 0 0/0 11:34 0:35 0:00
Cameron Gaunce 0 1 1 1 0 0 1 3 0 0 0/0 19:21 4:08 0:00
Cody Hodgson 0 0 0 -1 0 2 1 1 1 0 5/8 19:23 3:36 1:01
Jason Spezza 1 1 2 0 2 3 1 0 0 0 18/39 23:19 4:33 0:00
Jujhar Khaira 0 1 1 0 0 2 0 0 0 0 0/1 11:01 0:00 0:00
Mark Stone 0 1 1 0 0 1 2 0 0 0 0/0 9:23 0:00 0:00
Mike Cammalleri 0 0 0 -1 0 1 3 0 0 0 0/0 15:43 3:37 1:03
Nikita Zaitsev 0 0 0 -1 0 0 1 1 2 0 0/0 22:45 4:08 0:48
PK Subban 0 0 0 0 0 1 1 1 1 2 0/0 27:33 4:36 1:11
Sean Monahan 1 0 1 0 0 2 0 0 1 0 1/4 9:46 0:00 0:19
Steve Bernier 0 0 0 -1 0 1 0 0 0 0 0/0 16:13 3:16 0:00
Trevor Daley 0 1 1 0 0 1 0 2 1 0 0/0 13:10 0:00 0:00
Victor Hedman 0 0 0 0 0 2 0 1 2 0 0/0 26:31 4:36 0:48
Players Stats for Rangers
Player Name G A P +/- PIM S H SB GA TA FO MP PP MP PK MP
------------------------------------------------------------------------------------
Artem Anisimov 1 0 1 1 0 1 1 2 0 0 3/4 14:08 0:48 2:18
Chris Bourque 0 0 0 -2 4 4 2 1 0 0 2/2 18:09 0:56 0:56
Devante Smith-Pelly 1 0 1 1 0 1 1 0 0 0 1/1 11:01 0:04 0:00
Dmitry Kulikov 0 0 0 -1 2 2 0 2 0 0 0/0 27:39 0:48 3:46
Jonas Brodin 0 0 0 0 0 0 0 2 0 1 0/0 10:51 0:00 3:20
Luke Schenn 0 0 0 -2 0 1 3 5 0 2 0/0 30:09 1:11 4:43
Magnus Paajarvi 0 1 1 1 2 5 0 0 0 0 0/0 10:17 0:04 0:52
Matt Delahey 0 1 1 3 2 0 1 0 1 0 0/0 20:55 0:00 1:38
Milan Lucic 0 1 1 1 0 2 0 0 0 1 1/6 16:11 0:59 3:42
Morgan Ellis 1 1 2 0 0 1 2 0 0 0 0/0 17:53 0:00 4:01
Patrice Bergeron 0 0 0 -2 0 2 1 1 0 1 9/17 18:06 0:56 2:46
Patrik Nemeth 0 1 1 2 0 0 1 2 0 2 0/0 18:46 0:00 0:00
Richard Panik 0 0 0 -2 0 2 2 0 0 2 1/2 19:21 1:11 0:00
Ryan Strome 0 0 0 1 0 0 0 0 0 1 0/0 18:10 0:59 0:00
Sean Couturier 0 1 1 1 0 4 0 0 1 0 12/24 24:41 0:59 4:46
Steve Quailer 0 0 0 1 0 0 0 0 0 1 0/0 7:00 0:00 0:00
T.J Galiardi 1 0 1 1 0 4 2 0 0 0 0/0 14:31 0:04 0:07
Tomas Hertl 0 1 1 1 0 0 2 0 0 0 0/4 13:23 0:56 2:01
3 Stars
1 - Morgan Ellis (NyR)
2 - T.J Galiardi (NyR)
3 - Artem Anisimov (NyR)
Power Play
Capitals - 1 on 5 Attempt(s) - 20.00%
Rangers - 0 on 1 Attempt(s) - 0.00%
Penalty Kill
Capitals - 1 on 1 Attempt(s) - 100.00%
- Score 0 goal in Penalty Kill
Rangers - 4 on 5 Attempt(s) - 80.00%
- Score 0 goal in Penalty Kill
Team Stat
Capitals - Hits : 17 - Faceoff Wins : 31 - Blocked Shots : 11 - Penalty Minutes : 2
Rangers - Hits : 18 - Faceoff Wins : 29 - Blocked Shots : 15 - Penalty Minutes : 10
Official
Referees : Peter MacDougall and Brad Meier
Linesman : Greg Devorski and Ryan Gibbons
Game Notes
Jonas Brodin is injured at 17:24 of 2nd period (Bruised Left Leg)
Milan Lucic is injured at 18:01 of 2nd period (Sprained Right Knee)
Frederik Andersen enters game at 19:58 of 2nd period
Mike Cammalleri is injured at 12:55 of 3rd period (Strained Right Knee)
Finance
Level 1 -- Attendance: 5325 (88.75%) -- Ticket Income $532,500
Level 2 -- Attendance: 5000 (100.00%) -- Ticket Income $300,000
Level 3 -- Attendance: 2000 (100.00%) -- Ticket Income $70,000
Level 4 -- Attendance: 3855 (96.38%) -- Ticket Income $96,375
Luxury Box -- Attendance: 998 (99.80%) -- Ticket Income $199,600
Game was played at the Madison Square Garden.
Total Attendance: 17178 (95.43%)
Total Ticket Income: $1,198,475
Other Income: $179,771
Total Income: $1,378,246
Capitals
5 vs 5 Forward
Center Left Wing Right Wing Time % Phy DF OF
1 Jason Spezza Blake Pietila Alexander Radulov 35 0 1 4
2 Cody Hodgson Mike Cammalleri Steve Bernier 25 0 2 3
3 Sean Monahan Brad Richardson Mark Stone 20 0 2 3
4 Antoine Vermette Jujhar Khaira Brian Ferlin 20 0 3 2
5 vs 5 Defense
Defense Defense Time % Phy DF OF
1 Victor Hedman PK Subban 35 0 3 2
2 Alexei Marchenko Nikita Zaitsev 35 0 4 1
3 Trevor Daley Cameron Gaunce 25 0 4 1
4 Victor Hedman PK Subban 5 0 3 2
PowerPlay Forward
Center Left Wing Right Wing Time % Phy DF OF
1 Jason Spezza Mike Cammalleri Alexander Radulov 60 0 1 4
2 Cody Hodgson Blake Pietila Steve Bernier 40 0 1 4
PowerPlay Defense
Defense Defense Time % Phy DF OF
1 PK Subban Victor Hedman 60 0 2 3
2 Cameron Gaunce Nikita Zaitsev 40 0 2 3
Penalty Kill 4 Players Forward
Center Wing Time % Phy DF OF
1 Jason Spezza Mike Cammalleri 60 0 4 1
2 Sean Monahan Blake Pietila 40 0 4 1
Penalty Kill 4 Players Defense
Defense Defense Time % Phy DF OF
1 PK Subban Alexei Marchenko 60 0 4 1
2 Victor Hedman Nikita Zaitsev 40 0 4 1
Penalty Kill - 3 Players Forward
Forward Time % Phy DF OF
1 Jason Spezza 60 0 5 0
2 Sean Monahan 40 0 5 0
Penalty Kill - 3 Players Defense
Defense Defense Time % Phy DF OF
1 PK Subban Alexei Marchenko 60 0 5 0
2 Victor Hedman Nikita Zaitsev 40 0 5 0
4 vs 4 Forward
Center Wing Time % Phy DF OF
1 Jason Spezza Mike Cammalleri 60 0 2 3
2 Cody Hodgson Alexander Radulov 40 0 2 3
4 vs 4 Defense
Defense Defense Time % Phy DF OF
1 PK Subban Victor Hedman 60 0 2 3
2 Cameron Gaunce Alexei Marchenko 40 0 2 3
Last Minutes Offensive
Center Left Wing Right Wing Defense Defense
Jason Spezza Mike Cammalleri Alexander Radulov PK Subban Victor Hedman
Last Minutes Defensive
Center Left Wing Right Wing Defense Defense
Jason Spezza Mike Cammalleri Brian Ferlin PK Subban Victor Hedman
Goaltenders
Starting : Cory Schneider
Backup : Chet Pickard
Extra Forwards
Normal : Jason Spezza, Cody Hodgson, Alexander Radulov - PP : Jason Spezza, Cody Hodgson - PK : Jason Spezza
Extra Defensemen
Normal : PK Subban, Victor Hedman, Alexei Marchenko - PP : PK Subban - PK : Victor Hedman, PK Subban
Penalty Shots
Jason Spezza, Cody Hodgson, Mike Cammalleri, Alexander Radulov, Victor Hedman
Scratches
Jared Spurgeon (Healthy), Kevin Connauton (Healthy), Martins Karsums (Healthy), Patrick Sharp (Healthy)
Rangers
5 vs 5 Forward
Center Left Wing Right Wing Time % Phy DF OF
1 Sean Couturier Milan Lucic Ryan Strome 40 1 2 2
2 Patrice Bergeron Chris Bourque Richard Panik 30 1 2 2
3 Tomas Hertl T.J Galiardi Devante Smith-Pelly 20 1 2 2
4 Artem Anisimov Magnus Paajarvi Steve Quailer 10 1 2 2
5 vs 5 Defense
Defense Defense Time % Phy DF OF
1 Luke Schenn Dmitry Kulikov 40 1 2 2
2 Patrik Nemeth Matt Delahey 30 1 2 2
3 Morgan Ellis Jonas Brodin 20 1 2 2
4 Luke Schenn Jonas Brodin 10 1 2 2
PowerPlay Forward
Center Left Wing Right Wing Time % Phy DF OF
1 Sean Couturier Milan Lucic Ryan Strome 60 1 2 2
2 Patrice Bergeron Chris Bourque Tomas Hertl 40 1 2 2
PowerPlay Defense
Defense Defense Time % Phy DF OF
1 Luke Schenn Richard Panik 60 1 2 2
2 Dmitry Kulikov Artem Anisimov 40 1 2 2
Penalty Kill 4 Players Forward
Center Wing Time % Phy DF OF
1 Milan Lucic Sean Couturier 60 1 2 2
2 Patrice Bergeron Tomas Hertl 40 1 2 2
Penalty Kill 4 Players Defense
Defense Defense Time % Phy DF OF
1 Luke Schenn Dmitry Kulikov 60 1 2 2
2 Jonas Brodin Morgan Ellis 40 1 2 2
Penalty Kill - 3 Players Forward
Forward Time % Phy DF OF
1 Milan Lucic 60 1 2 2
2 Sean Couturier 40 1 2 2
Penalty Kill - 3 Players Defense
Defense Defense Time % Phy DF OF
1 Luke Schenn Dmitry Kulikov 60 1 2 2
2 Jonas Brodin Morgan Ellis 40 1 2 2
4 vs 4 Forward
Center Wing Time % Phy DF OF
1 Milan Lucic Sean Couturier 60 1 2 2
2 Patrice Bergeron Tomas Hertl 40 1 2 2
4 vs 4 Defense
Defense Defense Time % Phy DF OF
1 Luke Schenn Dmitry Kulikov 60 1 2 2
2 Patrik Nemeth Jonas Brodin 40 1 2 2
Last Minutes Offensive
Center Left Wing Right Wing Defense Defense
Sean Couturier Milan Lucic Ryan Strome Luke Schenn Dmitry Kulikov
Last Minutes Defensive
Center Left Wing Right Wing Defense Defense
Sean Couturier Milan Lucic Ryan Strome Luke Schenn Dmitry Kulikov
Goaltenders
Starting : Samuel Montembeault
Backup : Frederik Andersen
Extra Forwards
Normal : Richard Panik, T.J Galiardi, Artem Anisimov - PP : Richard Panik, T.J Galiardi - PK : Artem Anisimov
Extra Defensemen
Normal : Morgan Ellis, Dmitry Kulikov, Jonas Brodin - PP : Morgan Ellis - PK : Dmitry Kulikov, Jonas Brodin
Penalty Shots
Milan Lucic, Sean Couturier, Patrice Bergeron, Tomas Hertl, Ryan Strome
Scratches
Brett Ponich (Healthy)
% Time on Ice - Capitals
Lines # - Real PCT - Wanted PCT - Time Play
Normal Forward
1 - 33% - 35% - 16:16
2 - 30% - 25% - 14:40
3 - 18% - 20% - 8:59
4 - 19% - 20% - 9:22
Normal Defense
1 - 37% - 35% - 18:08
2 - 36% - 35% - 17:47
3 - 26% - 25% - 12:37
4 - 2% - 5% - 0:45
PP Forward
1 - 63% - 60% - 5:28
2 - 37% - 40% - 3:16
PP Defense
1 - 53% - 60% - 4:36
2 - 47% - 40% - 4:08
PK Forward
1 - 100% - 60% - 1:59
2 - 0% - 40% - 0:00
PK Defense
1 - 60% - 60% - 1:11
2 - 40% - 40% - 0:48
PK3 Forward
1 - 0% - 60%
2 - 0% - 40%
PK3 Defense
1 - 0% - 60%
2 - 0% - 40%
44 Forward
1 - 100% - 60% - 5:00
2 - 0% - 40% - 0:00
44 Defense
1 - 58% - 60% - 2:55
2 - 42% - 40% - 2:05
Last Minute Offensive - 0:00
Last Minute Defensive - 0:00
Total
Forward - 65:00
Defense - 65:00
|
% Time on Ice - Rangers
Lines # - Real PCT - Wanted PCT - Time Play
Normal Forward
1 - 40% - 40% - 19:54
2 - 28% - 30% - 14:02
3 - 19% - 20% - 9:34
4 - 12% - 10% - 5:47
Normal Defense
1 - 35% - 40% - 17:28
2 - 31% - 30% - 15:25
3 - 22% - 20% - 10:52
4 - 11% - 10% - 5:32
PP Forward
1 - 53% - 60% - 1:03
2 - 47% - 40% - 0:56
PP Defense
1 - 60% - 60% - 1:11
2 - 40% - 40% - 0:48
PK Forward
1 - 78% - 60% - 6:50
2 - 22% - 40% - 1:54
PK Defense
1 - 57% - 60% - 4:57
2 - 43% - 40% - 3:47
PK3 Forward
1 - 0% - 60%
2 - 0% - 40%
PK3 Defense
1 - 0% - 60%
2 - 0% - 40%
44 Forward
1 - 100% - 60% - 5:00
2 - 0% - 40% - 0:00
44 Defense
1 - 25% - 60% - 1:14
2 - 75% - 40% - 3:46
Last Minute Offensive - 0:00
Last Minute Defensive - 0:00
Total
Forward - 65:00
Defense - 65:00
|
Play-by-Play
1st period
0:01 of 1st period - Sean Couturier wins face-off versus Jason Spezza in neutral zone.
0:25 of 1st period - Luke Schenn is hit by Mike Cammalleri and loses puck.
0:32 of 1st period - Snap shot by Cody Hodgson.
0:32 of 1st period - Stopped by Samuel Montembeault without a rebound.
0:33 of 1st period - Devante Smith-Pelly wins face-off versus Sean Monahan in Rangers zone.
0:49 of 1st period - Snap shot by Tomas Hertl.
0:49 of 1st period - Shot Blocked by Nikita Zaitsev.
1:03 of 1st period - Snap shot by Jason Spezza.
1:03 of 1st period - Shot Misses the Net.
3:23 of 1st period - Sean Monahan is hit by Luke Schenn and loses puck.
3:56 of 1st period - Snap shot by Jason Spezza.
3:56 of 1st period - Stopped by Samuel Montembeault with a rebound.
4:53 of 1st period - Alexei Marchenko is hit by Patrik Nemeth and loses puck.
5:16 of 1st period - Snap shot by Sean Monahan.
5:16 of 1st period - Stopped by Samuel Montembeault without a rebound.
5:17 of 1st period - Jason Spezza wins face-off versus Patrice Bergeron in Rangers zone.
5:18 of 1st period - Snap shot by Blake Pietila.
5:18 of 1st period - Stopped by Samuel Montembeault without a rebound.
5:19 of 1st period - Jason Spezza wins face-off versus Patrice Bergeron in Rangers zone.
5:20 of 1st period - Snap shot by Blake Pietila.
5:20 of 1st period - Deflect By Patrice Bergeron.
5:20 of 1st period - Shot Misses the Net.
5:20 of 1st period - Puck is out of play.
5:21 of 1st period - Patrice Bergeron wins face-off versus Jason Spezza in Rangers zone.
5:34 of 1st period - Wrist shot by Alexander Radulov.
5:34 of 1st period - Shot Misses the Net.
6:10 of 1st period - Cody Hodgson is hit by Tomas Hertl and loses puck.
6:43 of 1st period - Blake Pietila is hit by Artem Anisimov and loses puck.
7:01 of 1st period - Off-side.
7:02 of 1st period - Cody Hodgson wins face-off versus Sean Couturier in neutral zone.
7:05 of 1st period - Slapshot by Mike Cammalleri.
7:05 of 1st period - Shot Misses the Net.
7:38 of 1st period - Slapshot by Patrice Bergeron.
7:38 of 1st period - Stopped by Cory Schneider with a rebound.
7:40 of 1st period - Slapshot by Dmitry Kulikov.
7:40 of 1st period - Stopped by Cory Schneider without a rebound.
7:41 of 1st period - Sean Couturier wins face-off versus Jujhar Khaira in Capitals zone.
7:42 of 1st period - Wrist shot by Ryan Strome.
7:42 of 1st period - Deflect By Sean Couturier.
7:42 of 1st period - Stopped by Cory Schneider without a rebound.
7:43 of 1st period - Sean Couturier wins face-off versus Antoine Vermette in Capitals zone.
7:50 of 1st period - Wrist shot by Sean Couturier.
7:50 of 1st period - Stopped by Cory Schneider without a rebound.
7:51 of 1st period - Antoine Vermette wins face-off versus Sean Couturier in Capitals zone.
9:31 of 1st period - Wrist shot by Ryan Strome.
9:31 of 1st period - Shot Misses the Net.
9:34 of 1st period - Icing by Nikita Zaitsev.
9:35 of 1st period - Antoine Vermette wins face-off versus Patrice Bergeron in Capitals zone.
9:50 of 1st period - Slapshot by Patrice Bergeron.
9:50 of 1st period - Stopped by Cory Schneider without a rebound.
9:51 of 1st period - Jason Spezza wins face-off versus Tomas Hertl in Capitals zone.
10:05 of 1st period - Wrist shot by Devante Smith-Pelly.
10:05 of 1st period - Shot Misses the Net.
10:42 of 1st period - Sean Monahan is hit by Morgan Ellis and loses puck.
10:47 of 1st period - Snap shot by Magnus Paajarvi.
10:47 of 1st period - Shot Blocked by Cameron Gaunce.
10:53 of 1st period - Slapshot by Magnus Paajarvi.
10:53 of 1st period - Stopped by Cory Schneider without a rebound.
10:54 of 1st period - Alexander Radulov wins face-off versus Tomas Hertl in Capitals zone.
10:56 of 1st period - Minor Penalty to Jason Spezza for Holding.
10:57 of 1st period - Antoine Vermette wins face-off versus Sean Couturier in Capitals zone.
11:39 of 1st period - Wrist shot by Sean Couturier.
11:39 of 1st period - Stopped by Cory Schneider with a rebound.
12:56 of 1st period - Penalty to Jason Spezza is over, Jason Spezza is back on ice.
13:03 of 1st period - Snap shot by Magnus Paajarvi.
13:03 of 1st period - Stopped by Cory Schneider without a rebound.
13:04 of 1st period - Artem Anisimov wins face-off versus Sean Monahan in Capitals zone.
13:14 of 1st period - Minor Penalty to Magnus Paajarvi for Interference.
13:15 of 1st period - Jason Spezza wins face-off versus Milan Lucic in Rangers zone.
13:56 of 1st period - Snap shot by PK Subban.
13:56 of 1st period - Shot Misses the Net.
14:45 of 1st period - Nikita Zaitsev is hit by Tomas Hertl and loses puck.
15:14 of 1st period - Penalty to Magnus Paajarvi is over, Magnus Paajarvi is back on ice.
15:24 of 1st period - Slapshot by Artem Anisimov.
15:24 of 1st period - Deflect By Chris Bourque.
15:24 of 1st period - Shot Misses the Net.
15:24 of 1st period - Puck is out of play.
15:25 of 1st period - Sean Monahan wins face-off versus Tomas Hertl in Capitals zone.
15:50 of 1st period - Slapshot by Artem Anisimov.
15:50 of 1st period - Shot Blocked by Antoine Vermette.
15:57 of 1st period - Minor Penalty to Matt Delahey for Roughing.
15:58 of 1st period - Milan Lucic wins face-off versus Jason Spezza in Rangers zone.
17:57 of 1st period - Penalty to Matt Delahey is over, Matt Delahey is back on ice.
18:03 of 1st period - Matt Delahey is hit by Cameron Gaunce and loses puck.
18:22 of 1st period - Richard Panik is hit by PK Subban and loses puck.
18:31 of 1st period - Snap shot by Jujhar Khaira.
18:31 of 1st period - Stopped by Samuel Montembeault without a rebound.
18:32 of 1st period - Artem Anisimov wins face-off versus Sean Monahan in Rangers zone.
18:37 of 1st period - Sean Monahan is hit by Morgan Ellis and loses puck.
18:48 of 1st period - Slapshot by Artem Anisimov.
18:48 of 1st period - Deflect By Magnus Paajarvi.
18:48 of 1st period - Stopped by Cory Schneider without a rebound.
18:49 of 1st period - Sean Couturier wins face-off versus Jason Spezza in Capitals zone.
18:56 of 1st period - Snap shot by Sean Couturier.
18:56 of 1st period - Stopped by Cory Schneider with a rebound.
19:32 of 1st period - Minor Penalty to Chris Bourque for Holding.
19:33 of 1st period - Jason Spezza wins face-off versus Sean Couturier in Rangers zone.
19:58 of 1st period - Tomas Hertl is hit by Blake Pietila and loses puck.
Goals for this period are 0 for Capitals vs 0 for Rangers.
Shots for this period are 5 for Capitals vs 10 for Rangers.
2nd period
0:01 of 2nd period - Jason Spezza wins face-off versus Milan Lucic in neutral zone.
0:04 of 2nd period - Backhand shot by Victor Hedman.
0:04 of 2nd period - Shot Blocked by Luke Schenn.
0:06 of 2nd period - Slapshot by PK Subban.
0:06 of 2nd period - Shot Blocked by Luke Schenn.
0:08 of 2nd period - Slapshot by Jason Spezza.
0:08 of 2nd period - Shot Blocked by Dmitry Kulikov.
0:10 of 2nd period - Wrist shot by Mike Cammalleri.
0:10 of 2nd period - Shot Misses the Net.
0:12 of 2nd period - Snap shot by Victor Hedman.
0:12 of 2nd period - Deflect By Milan Lucic.
0:12 of 2nd period - Stopped by Samuel Montembeault without a rebound.
0:13 of 2nd period - Jason Spezza wins face-off versus Milan Lucic in Rangers zone.
0:20 of 2nd period - Snap shot by Alexander Radulov.
0:20 of 2nd period - Goal by Alexander Radulov - Capitals : 1 - Rangers : 0.
0:21 of 2nd period - Jason Spezza wins face-off versus Sean Couturier in neutral zone.
1:26 of 2nd period - Snap shot by Milan Lucic.
1:26 of 2nd period - Shot Blocked by Trevor Daley.
1:33 of 2nd period - Off-side.
1:34 of 2nd period - Patrice Bergeron wins face-off versus Jason Spezza in neutral zone.
1:37 of 2nd period - Slapshot by Luke Schenn.
1:37 of 2nd period - Deflect By Chris Bourque.
1:37 of 2nd period - Stopped by Cory Schneider with a rebound.
1:39 of 2nd period - Snap shot by Luke Schenn.
1:39 of 2nd period - Stopped by Cory Schneider without a rebound.
1:40 of 2nd period - Patrice Bergeron wins face-off versus Jason Spezza in Capitals zone.
1:41 of 2nd period - Wrist shot by Chris Bourque.
1:41 of 2nd period - Stopped by Cory Schneider without a rebound.
1:42 of 2nd period - Chris Bourque wins face-off versus Jason Spezza in Capitals zone.
2:30 of 2nd period - Wrist shot by Chris Bourque.
2:30 of 2nd period - Stopped by Cory Schneider without a rebound.
2:31 of 2nd period - Cody Hodgson wins face-off versus Sean Couturier in Capitals zone.
2:40 of 2nd period - Snap shot by Cody Hodgson.
2:40 of 2nd period - Shot Blocked by Patrik Nemeth.
2:46 of 2nd period - Wrist shot by Cody Hodgson.
2:46 of 2nd period - Stopped by Samuel Montembeault with a rebound.
2:58 of 2nd period - Sean Monahan is hit by T.J Galiardi and loses puck.
3:07 of 2nd period - Snap shot by Tomas Hertl.
3:07 of 2nd period - Shot Misses the Net.
3:09 of 2nd period - Snap shot by Devante Smith-Pelly.
3:09 of 2nd period - Shot Misses the Net.
3:23 of 2nd period - Snap shot by Artem Anisimov.
3:23 of 2nd period - Shot Misses the Net.
3:31 of 2nd period - Wrist shot by Mark Stone.
3:31 of 2nd period - Shot Blocked by Jonas Brodin.
3:33 of 2nd period - Snap shot by PK Subban.
3:33 of 2nd period - Shot Misses the Net.
3:35 of 2nd period - Slapshot by Victor Hedman.
3:35 of 2nd period - Deflect By Sean Monahan.
3:35 of 2nd period - Shot Misses the Net.
3:35 of 2nd period - Puck is out of play.
3:36 of 2nd period - Blake Pietila wins face-off versus Milan Lucic in Rangers zone.
4:01 of 2nd period - Cameron Gaunce is hit by Richard Panik.
4:30 of 2nd period - Snap shot by Brian Ferlin.
4:30 of 2nd period - Goal by Brian Ferlin - Capitals : 2 - Rangers : 0.
4:31 of 2nd period - Sean Couturier wins face-off versus Jason Spezza in neutral zone.
4:41 of 2nd period - Icing by Victor Hedman.
4:42 of 2nd period - Alexander Radulov wins face-off versus Sean Couturier in Capitals zone.
5:03 of 2nd period - Slapshot by Jason Spezza.
5:03 of 2nd period - Shot Blocked by Luke Schenn.
5:05 of 2nd period - Wrist shot by Jason Spezza.
5:05 of 2nd period - Shot Misses the Net.
5:07 of 2nd period - Snap shot by Jason Spezza.
5:07 of 2nd period - Goal by Jason Spezza - Capitals : 3 - Rangers : 0.
5:08 of 2nd period - Jason Spezza wins face-off versus Sean Couturier in neutral zone.
5:39 of 2nd period - Wrist shot by Steve Bernier.
5:39 of 2nd period - Shot Misses the Net.
5:55 of 2nd period - Brian Ferlin is hit by Luke Schenn and loses puck.
7:08 of 2nd period - Wrist shot by T.J Galiardi.
7:08 of 2nd period - Stopped by Cory Schneider with a rebound.
7:49 of 2nd period - Slapshot by Blake Pietila.
7:49 of 2nd period - Stopped by Samuel Montembeault without a rebound.
7:50 of 2nd period - Sean Couturier wins face-off versus Cody Hodgson in Rangers zone.
7:50 of 2nd period - Sean Couturier is hit by Mike Cammalleri.
8:32 of 2nd period - Jason Spezza is hit by Patrice Bergeron and loses puck.
9:09 of 2nd period - Slapshot by Victor Hedman.
9:09 of 2nd period - Shot Misses the Net.
9:29 of 2nd period - Wrist shot by Milan Lucic.
9:29 of 2nd period - Stopped by Cory Schneider with a rebound.
9:31 of 2nd period - Backhand shot by Sean Couturier.
9:31 of 2nd period - Shot Misses the Net.
9:33 of 2nd period - Slapshot by Sean Couturier.
9:33 of 2nd period - Shot Misses the Net.
9:35 of 2nd period - Slapshot by Morgan Ellis.
9:35 of 2nd period - Goal by Morgan Ellis - Capitals : 3 - Rangers : 1.
9:36 of 2nd period - Sean Couturier wins face-off versus Jason Spezza in neutral zone.
9:38 of 2nd period - Off-side.
9:39 of 2nd period - Jason Spezza wins face-off versus Sean Couturier in neutral zone.
9:47 of 2nd period - Off-side.
9:48 of 2nd period - Sean Couturier wins face-off versus Jason Spezza in neutral zone.
10:01 of 2nd period - Snap shot by Milan Lucic.
10:01 of 2nd period - Stopped by Cory Schneider with a rebound.
10:33 of 2nd period - Minor Penalty to Dmitry Kulikov for Slashing.
10:34 of 2nd period - Jason Spezza wins face-off versus Milan Lucic in Rangers zone.
10:51 of 2nd period - Sean Couturier is hit by Jason Spezza and loses puck.
12:33 of 2nd period - Penalty to Dmitry Kulikov is over, Dmitry Kulikov is back on ice.
13:55 of 2nd period - Snap shot by Devante Smith-Pelly.
13:55 of 2nd period - Goal by Devante Smith-Pelly - Capitals : 3 - Rangers : 2.
13:56 of 2nd period - Patrice Bergeron wins face-off versus Jason Spezza in neutral zone.
14:07 of 2nd period - Wrist shot by Chris Bourque.
14:07 of 2nd period - Shot Blocked by Victor Hedman.
14:21 of 2nd period - Victor Hedman is hit by Devante Smith-Pelly and loses puck.
14:47 of 2nd period - Wrist shot by Brian Ferlin.
14:47 of 2nd period - Stopped by Samuel Montembeault without a rebound.
14:48 of 2nd period - Antoine Vermette wins face-off versus Sean Couturier in Rangers zone.
15:13 of 2nd period - Blake Pietila is hit by Chris Bourque and loses puck.
15:20 of 2nd period - Wrist shot by Patrice Bergeron.
15:20 of 2nd period - Shot Misses the Net.
15:29 of 2nd period - Icing by Chris Bourque.
15:30 of 2nd period - Cody Hodgson wins face-off versus Patrice Bergeron in Rangers zone.
15:35 of 2nd period - Slapshot by Cody Hodgson.
15:35 of 2nd period - Deflect By Steve Bernier.
15:35 of 2nd period - Shot Blocked by Patrice Bergeron.
15:35 of 2nd period - Puck is out of play.
15:36 of 2nd period - Sean Couturier wins face-off versus Cody Hodgson in Rangers zone.
15:36 of 2nd period - Sean Couturier is hit by Cody Hodgson.
15:56 of 2nd period - Dmitry Kulikov is hit by Nikita Zaitsev and loses puck.
16:03 of 2nd period - Wrist shot by Cody Hodgson.
16:03 of 2nd period - Shot Blocked by Luke Schenn.
16:31 of 2nd period - Wrist shot by Luke Schenn.
16:31 of 2nd period - Shot Blocked by Cody Hodgson.
16:50 of 2nd period - Snap shot by Steve Bernier.
16:50 of 2nd period - Stopped by Samuel Montembeault without a rebound.
16:51 of 2nd period - Jason Spezza wins face-off versus Patrice Bergeron in Rangers zone.
17:05 of 2nd period - Snap shot by Alexander Radulov.
17:05 of 2nd period - Stopped by Samuel Montembeault with a rebound.
17:24 of 2nd period - Snap shot by Jujhar Khaira.
17:24 of 2nd period - Shot Blocked by Jonas Brodin.
17:24 of 2nd period - Jonas Brodin from Rangers is injured at 17:24 of 2nd period (Bruised Left Leg).
17:25 of 2nd period - Sean Couturier wins face-off versus Jason Spezza in Rangers zone.
17:25 of 2nd period - Sean Couturier is hit by Blake Pietila.
17:45 of 2nd period - Alexander Radulov is hit by Matt Delahey and loses puck.
18:00 of 2nd period - Milan Lucic is hit by Blake Pietila.
18:01 of 2nd period - Milan Lucic from Rangers is injured at 18:01 of 2nd period (Sprained Right Knee).
18:02 of 2nd period - Sean Couturier wins face-off versus Jason Spezza in Rangers zone.
18:50 of 2nd period - Jujhar Khaira is hit by Chris Bourque and loses puck.
19:32 of 2nd period - Snap shot by Ryan Strome.
19:32 of 2nd period - Shot Misses the Net.
19:52 of 2nd period - Wrist shot by Mark Stone.
19:52 of 2nd period - Stopped by Samuel Montembeault with a rebound.
19:54 of 2nd period - Wrist shot by Trevor Daley.
19:54 of 2nd period - Stopped by Samuel Montembeault with a rebound.
19:56 of 2nd period - Snap shot by Sean Monahan.
19:56 of 2nd period - Shot Blocked by Luke Schenn.
19:58 of 2nd period - Snap shot by Sean Monahan.
19:58 of 2nd period - Deflect By Richard Panik.
19:58 of 2nd period - Goal by Sean Monahan - Capitals : 4 - Rangers : 2.
19:58 of 2nd period - Frederik Andersen enters game.
19:59 of 2nd period - Jason Spezza wins face-off versus Sean Couturier in neutral zone.
Goals for this period are 4 for Capitals vs 2 for Rangers.
Shots for this period are 12 for Capitals vs 9 for Rangers.
3rd period
0:01 of 3rd period - Sean Couturier wins face-off versus Jason Spezza in neutral zone.
0:48 of 3rd period - Snap shot by Magnus Paajarvi.
0:48 of 3rd period - Shot Misses the Net.
0:50 of 3rd period - Wrist shot by Steve Quailer.
0:50 of 3rd period - Shot Blocked by Cameron Gaunce.
0:52 of 3rd period - Slapshot by Dmitry Kulikov.
0:52 of 3rd period - Shot Blocked by Cameron Gaunce.
0:54 of 3rd period - Snap shot by Magnus Paajarvi.
0:54 of 3rd period - Stopped by Cory Schneider without a rebound.
0:55 of 3rd period - Jason Spezza wins face-off versus Sean Couturier in Capitals zone.
1:06 of 3rd period - Sean Couturier is hit by Blake Pietila and loses puck.
1:44 of 3rd period - Wrist shot by Magnus Paajarvi.
1:44 of 3rd period - Shot Misses the Net.
1:46 of 3rd period - Wrist shot by Artem Anisimov.
1:46 of 3rd period - Shot Misses the Net.
1:48 of 3rd period - Wrist shot by Artem Anisimov.
1:48 of 3rd period - Goal by Artem Anisimov - Capitals : 4 - Rangers : 3.
1:49 of 3rd period - Jason Spezza wins face-off versus Patrice Bergeron in neutral zone.
1:58 of 3rd period - Snap shot by Blake Pietila.
1:58 of 3rd period - Shot Blocked by Dmitry Kulikov.
2:16 of 3rd period - Mike Cammalleri is hit by T.J Galiardi and loses puck.
3:25 of 3rd period - Wrist shot by Devante Smith-Pelly.
3:25 of 3rd period - Shot Blocked by Trevor Daley.
4:15 of 3rd period - Wrist shot by Jason Spezza.
4:15 of 3rd period - Shot Blocked by Patrik Nemeth.
4:36 of 3rd period - Wrist shot by T.J Galiardi.
4:36 of 3rd period - Stopped by Cory Schneider with a rebound.
4:38 of 3rd period - Slapshot by T.J Galiardi.
4:38 of 3rd period - Goal by T.J Galiardi - Capitals : 4 - Rangers : 4.
4:39 of 3rd period - Patrice Bergeron wins face-off versus Jason Spezza in neutral zone.
5:06 of 3rd period - Luke Schenn is hit by Mike Cammalleri.
5:32 of 3rd period - Snap shot by Chris Bourque.
5:32 of 3rd period - Shot Misses the Net.
5:51 of 3rd period - Wrist shot by Brian Ferlin.
5:51 of 3rd period - Shot Blocked by Chris Bourque.
5:53 of 3rd period - Slapshot by PK Subban.
5:53 of 3rd period - Shot Blocked by Artem Anisimov.
5:55 of 3rd period - Slapshot by Victor Hedman.
5:55 of 3rd period - Deflect By Brian Ferlin.
5:55 of 3rd period - Stopped by Frederik Andersen with a rebound.
5:57 of 3rd period - Snap shot by Jujhar Khaira.
5:57 of 3rd period - Shot Misses the Net.
5:59 of 3rd period - Slapshot by PK Subban.
5:59 of 3rd period - Shot Misses the Net.
7:06 of 3rd period - Snap shot by Blake Pietila.
7:06 of 3rd period - Shot Misses the Net.
7:44 of 3rd period - Richard Panik is hit by Brad Richardson.
8:00 of 3rd period - Slapshot by Victor Hedman.
8:00 of 3rd period - Shot Blocked by Artem Anisimov.
8:54 of 3rd period - Luke Schenn is hit by Blake Pietila.
9:16 of 3rd period - Chris Bourque is hit by Mark Stone and loses puck.
10:16 of 3rd period - Steve Quailer is hit by Mark Stone.
10:30 of 3rd period - Slapshot by Victor Hedman.
10:30 of 3rd period - Shot Misses the Net.
10:32 of 3rd period - Wrist shot by Antoine Vermette.
10:32 of 3rd period - Stopped by Frederik Andersen with a rebound.
10:34 of 3rd period - Slapshot by PK Subban.
10:34 of 3rd period - Deflect By Jujhar Khaira.
10:34 of 3rd period - Stopped by Frederik Andersen without a rebound.
10:35 of 3rd period - Jason Spezza wins face-off versus Artem Anisimov in Rangers zone.
10:56 of 3rd period - Slapshot by PK Subban.
10:56 of 3rd period - Stopped by Frederik Andersen without a rebound.
10:57 of 3rd period - Cody Hodgson wins face-off versus Tomas Hertl in Rangers zone.
11:11 of 3rd period - Slapshot by Victor Hedman.
11:11 of 3rd period - Stopped by Frederik Andersen without a rebound.
11:12 of 3rd period - Patrice Bergeron wins face-off versus Jason Spezza in Rangers zone.
11:45 of 3rd period - Snap shot by Mike Cammalleri.
11:45 of 3rd period - Stopped by Frederik Andersen with a rebound.
12:12 of 3rd period - Off-side.
12:13 of 3rd period - Jason Spezza wins face-off versus Patrice Bergeron in neutral zone.
12:16 of 3rd period - Slapshot by Alexander Radulov.
12:16 of 3rd period - Stopped by Frederik Andersen without a rebound.
12:17 of 3rd period - Chris Bourque wins face-off versus Jason Spezza in Rangers zone.
12:54 of 3rd period - Mike Cammalleri is hit by Luke Schenn and loses puck.
12:55 of 3rd period - Mike Cammalleri from Capitals is injured at 12:55 of 3rd period (Strained Right Knee).
12:56 of 3rd period - Patrice Bergeron wins face-off versus Jason Spezza in Capitals zone.
12:57 of 3rd period - Wrist shot by Chris Bourque.
12:57 of 3rd period - Stopped by Cory Schneider with a rebound.
12:59 of 3rd period - Slapshot by Dmitry Kulikov.
12:59 of 3rd period - Stopped by Cory Schneider without a rebound.
13:00 of 3rd period - Patrice Bergeron wins face-off versus Jason Spezza in Capitals zone.
13:15 of 3rd period - Wrist shot by Chris Bourque.
13:15 of 3rd period - Deflect By Richard Panik.
13:15 of 3rd period - Stopped by Cory Schneider with a rebound.
13:17 of 3rd period - Snap shot by Richard Panik.
13:17 of 3rd period - Stopped by Cory Schneider with a rebound.
13:33 of 3rd period - Backhand shot by Sean Couturier.
13:33 of 3rd period - Shot Misses the Net.
13:35 of 3rd period - Snap shot by Sean Couturier.
13:35 of 3rd period - Shot Blocked by Blake Pietila.
13:37 of 3rd period - Snap shot by T.J Galiardi.
13:37 of 3rd period - Stopped by Cory Schneider without a rebound.
13:38 of 3rd period - Patrice Bergeron wins face-off versus Cody Hodgson in Capitals zone.
13:41 of 3rd period - Slapshot by Patrice Bergeron.
13:41 of 3rd period - Shot Blocked by PK Subban.
13:43 of 3rd period - Wrist shot by Richard Panik.
13:43 of 3rd period - Deflect By Chris Bourque.
13:43 of 3rd period - Shot Misses the Net.
13:43 of 3rd period - Puck is out of play.
13:44 of 3rd period - Cody Hodgson wins face-off versus Patrice Bergeron in Capitals zone.
13:44 of 3rd period - Cody Hodgson is hit by Richard Panik.
14:08 of 3rd period - Minor Penalty to Chris Bourque for Holding.
14:09 of 3rd period - Artem Anisimov wins face-off versus Jason Spezza in Rangers zone.
15:07 of 3rd period - Wrist shot by Magnus Paajarvi.
15:07 of 3rd period - Stopped by Cory Schneider with a rebound.
16:08 of 3rd period - Penalty to Chris Bourque is over, Chris Bourque is back on ice.
Goals for this period are 0 for Capitals vs 2 for Rangers.
Shots for this period are 7 for Capitals vs 10 for Rangers.
Overtime #1
0:01 of 1st overtime period - Jason Spezza wins face-off versus Richard Panik in neutral zone.
0:08 of 1st overtime period - Wrist shot by Cody Hodgson.
0:08 of 1st overtime period - Shot Misses the Net.
0:10 of 1st overtime period - Snap shot by Cody Hodgson.
0:10 of 1st overtime period - Shot Misses the Net.
0:12 of 1st overtime period - Slapshot by Jason Spezza.
0:12 of 1st overtime period - Stopped by Frederik Andersen without a rebound.
0:13 of 1st overtime period - Richard Panik wins face-off versus Jason Spezza in Rangers zone.
0:29 of 1st overtime period - Wrist shot by Richard Panik.
0:29 of 1st overtime period - Shot Misses the Net.
4:19 of 1st overtime period - Artem Anisimov is hit by Alexei Marchenko and loses puck.
Goals for this period are 0 for Capitals vs 0 for Rangers.
Shots for this period are 1 for Capitals vs 0 for Rangers.
ShootOut
5:00 of 1st overtime period - Round #1.
5:00 of 1st overtime period - Capitals, Jason Spezza.
5:00 of 1st overtime period - Snap shot by Jason Spezza.
5:00 of 1st overtime period - Goal by Jason Spezza.
5:00 of 1st overtime period - Rangers, Sean Couturier.
5:00 of 1st overtime period - Backhand shot by Sean Couturier.
5:00 of 1st overtime period - Shot Misses the Net.
5:00 of 1st overtime period - Round #2.
5:00 of 1st overtime period - Capitals, Cody Hodgson.
5:00 of 1st overtime period - Deke by Cody Hodgson.
5:00 of 1st overtime period - Stopped by Frederik Andersen.
5:00 of 1st overtime period - Rangers, Patrice Bergeron.
5:00 of 1st overtime period - Deke by Patrice Bergeron.
5:00 of 1st overtime period - Stopped by Cory Schneider.
5:00 of 1st overtime period - Round #3.
5:00 of 1st overtime period - Capitals, Alexander Radulov.
5:00 of 1st overtime period - Deke by Alexander Radulov.
5:00 of 1st overtime period - Stopped by Frederik Andersen.
5:00 of 1st overtime period - Rangers, Tomas Hertl.
5:00 of 1st overtime period - Snap shot by Tomas Hertl.
5:00 of 1st overtime period - Shot Misses the Net.